 Dungeon Crawl Stone Soup version 0.29-a0-321-gf1c400731a (webtiles) character file.

Game seed: 11301395967404022940

6626 Murumi the Fighter (level 11, -10/84 HPs)
             Began as a Djinni Hunter on Apr 3, 2022.
             Was an Initiate of Okawaru.
             Shot with an arrow by a centaur warrior (21 damage)
             ... on level 9 of the Dungeon.
             The game lasted 00:38:46 (9699 turns).

Murumi the Fighter (Djinni Hunter)                  Turns: 9699, Time: 00:38:48

Health: -10/84     AC:  4    Str: 10    XL:     11   Next: 22%
Gold:   475        EV: 14    Int: 12    God:    Okawaru [......] SH:  7 Dex: 20

rFire   + + .      SeeInvis .   f - +6 hand crossbow (freeze)
rCold   . . .      Faith    .   j - +3 warlock's mirror {reflect}
rNeg    . . .      Spirit   .   k - +0 leather armour
rPois   ∞          Reflect  +   (no helmet)
rElec   .          Harm     .   (no cloak)
rCorr   .          Rampage  .   b - +0 pair of gloves
Will    +....                   (boots unavailable)
Stlth   ++++......              s - amulet of regeneration
HPRegen 1.04/turn               y - ring of ice
MPRegen 0.00/turn               m - ring of protection from fire

@: flying
A: sickness immunity, fire resistance 2, cold vulnerability 1, float, innate
caster, HP casting, extra vitality 1
a: Renounce Religion


You were on level 9 of the Dungeon.
You worshipped Okawaru.
Okawaru was noncommittal.
You visited 2 branches of the dungeon, and saw 10 of its levels.

You collected 496 gold pieces.
You spent 21 gold pieces at shops.

Inventory:

Hand Weapons
 a - a +4 long sword
 f - a +6 hand crossbow of freezing (weapon)
Armour
 b - a +0 pair of gloves (worn)
 j - the +3 warlock's mirror (worn) {reflect}
   (You found it on level 4 of the Dungeon)

   It can block and reflect piercing ranged attacks and magical attacks against
   the wielder's willpower.
 k - a +0 leather armour (worn)
 n - a +0 scale mail
 o - a +0 ring mail
Jewellery
 m - a ring of protection from fire (right hand)
 s - an amulet of regeneration (around neck)
 y - a ring of ice (left hand)
 z - an amulet of reflection
Wands
 v - a wand of flame (12)
Scrolls
 c - 6 scrolls of immolation
 p - 2 scrolls of blinking
 q - 3 scrolls of teleportation
 A - a scroll of fear
Potions
 d - a potion of heal wounds
 g - 2 potions of berserk rage
 h - a potion of cancellation
 i - 2 potions of mutation
 l - 2 potions of brilliance
 r - a potion of invisibility
 t - 6 potions of curing
 u - a potion of might
 w - a potion of lignification
 x - a potion of resistance {unknown}


   Skills:
 - Level 9.0 Fighting
 - Level 4.0 Long Blades
 + Level 6.1 Crossbows
 - Level 4.0 Armour
 - Level 5.0 Dodging
 - Level 8.0 Stealth
 - Level 2.0 Spellcasting
 - Level 4.0 Evocations


You couldn't memorise any spells.
You knew the following spells:

 Your Spells              Type           Power      Damage    Failure   Level
a - Sandblast             Erth           12%        2d6       22%         1
b - Blink                 Tloc           12%        N/A       32%         2
c - Ignite Poison         Fire/Tmut/Pois 6%         N/A       54%         3
d - Olgreb's Toxic Radia  Pois           6%         N/A       91%         4
e - Flame Wave            Conj/Fire      6%         2d5       91%         4
Your spell library was empty.

Dungeon Overview and Level Annotations

Branches:
Dungeon (9/15)             Temple (1/1) D:4
   Lair: D:8-11         Orc: D:9-12

Altars:
Ashenzari
Cheibriados
Dithmenos
Elyvilon
Fedhas
Hepliaklqana
Kikubaaqudgha
Makhleb
Nemelex Xobeh
Okawaru
Qazlal
Ru
Sif Muna
Trog
Uskayaw
Vehumet
Wu Jian
Xom
Yredelemnul
Zin
The Shining One

Shops:
D:2 *


Innate Abilities, Weirdness & Mutations

You are immune to sickness and miasma.
You are immune to poison.
Your flesh is very heat resistant. (rF++)
You are vulnerable to cold. (rC-)
You float through the air rather than walking.
You learn spells naturally, not from books.
Your magical power is your life essence.
You have superior vitality. (+4 MHP)


Message History

The bolt freezes the centaur warrior.
The centaur warrior is moderately wounded.
You shoot a bolt. The bolt hits the centaur warrior.
The bolt freezes the centaur warrior.
The centaur warrior is heavily wounded.
The centaur warrior shoots an arrow.
The arrow hits you!
The centaur warrior shoots an arrow.
The arrow hits you!!
* * * LOW HITPOINT WARNING * * *
Aiming: Throw Flame
Press: ? - help, Shift-Dir - straight line, f/p - centaur warrior
Aim: a centaur warrior, wielding a +2 shortbow of flaming (heavily wounded, 79% to hit)
Okay, then.
Aiming: Paralyse
Press: ? - help, Shift-Dir - straight line, f/p - centaur warrior
Aim: a centaur warrior, wielding a +2 shortbow of flaming (heavily wounded, chance to affect: 41%)
The centaur warrior resists with some effort.
The centaur warrior shoots an arrow.
You reflect the arrow off your +3 warlock's mirror {reflect}!
The arrow hits the centaur warrior!!
The arrow burns the centaur warrior.
Aiming: Paralyse
Press: ? - help, Shift-Dir - straight line, f/p - centaur warrior
Aim: a centaur warrior, wielding a +2 shortbow of flaming (almost dead, chance to affect: 41%)
The centaur warrior resists with some effort.
The centaur warrior shoots an arrow.
The arrow closely misses you.
The centaur warrior shoots an arrow.
You reflect the arrow off your +3 warlock's mirror {reflect}!
The arrow closely misses the centaur warrior.
Aiming: Paralyse
Press: ? - help, Shift-Dir - straight line, f/p - centaur warrior
Aim: a centaur warrior, wielding a +2 shortbow of flaming (almost dead, chance to affect: 41%)
The centaur warrior resists with some effort.
The centaur warrior shoots an arrow.
The arrow hits you.
* * * LOW HITPOINT WARNING * * *
Aiming: Paralyse
Press: ? - help, Shift-Dir - straight line, f/p - centaur warrior
Aim: a centaur warrior, wielding a +2 shortbow of flaming (almost dead, chance to affect: 41%)
The centaur warrior resists with some effort.
The now-empty wand crumbles to dust.
The centaur warrior shoots an arrow.
The arrow hits you!!
You die...

#####†##### #.......#
#.........######.......#
########.#.###.+............#
#........#.# ######........
#.#.##†.#### #.......#
#+###'# #.......# #.....##+#
#.......# #.♣♣♣.##.###
##>###### #.....#...@# #.#
+.._..'.##..# #.#
#.....#####.# #.# #.♣♣♣.# .#
#.# #.....# .. #.# ####
#+###+# c.# .... ..# #### ...
### ..#


You could see a centaur warrior.

Vanquished Creatures
  2 two-headed ogres
  A komodo dragon (D:7)
  Grinder (D:3)
  A vampire (D:9)
  3 wyverns
  A steam dragon (D:8)
  An acid dragon (D:8)
  3 water moccasins
  An orc warrior (D:9)
  2 sky beasts
  2 black bears
  4 ice beasts
  2 centaurs
  4 ogres
  2 phantoms
  A bullfrog (D:9)
  3 kobold brigands
  5 scorpions
  Blork the orc (D:6)
  9 wights
  5 killer bees
  2 howler monkeys
  3 jellies
  10 orc priests
  6 hounds
  7 iguanas
  3 orc wizards (D:7)
  6 adders
  3 gnolls (D:3)
  A white imp (D:8)
  An ufetubus (D:4)
  5 worms
  4 dart slugs
  27 orcs
  3 bats
  7 endoplasms
  4 giant cockroaches
  5 goblins
  7 hobgoblins
  10 jackals
  16 kobolds
  6 quokkas
  7 ball pythons
  7 frilled lizards
  5 rats
  A butterfly (D:4)
210 creatures vanquished.

Vanquished Creatures (others)
  9 plants (D:7)
9 creatures vanquished.

Grand Total: 219 creatures vanquished

Notes
Turn   | Place    | Note
-------+----------+-------------------------------------------
     0 | D:1      | Murumi the Djinni Hunter began the quest for the Orb.
     0 | D:1      | Reached XP level 1. HP: 18/18 MP: 0/0
    28 | D:1      | Reached skill level 1 in Stealth
    65 | D:1      | Reached XP level 2. HP: 20/23 MP: 0/0
   169 | D:1      | Reached XP level 3. HP: 10/28 MP: 0/0
   169 | D:1      | Learned a level 1 spell: Sandblast
   768 | D:1      | Found a faded altar of an unknown god.
  1062 | D:2      | Reached skill level 1 in Armour
  1062 | D:2      | Reached XP level 4. HP: 24/33 MP: 0/0
  1475 | D:2      | Found Epsomir's Assorted Antiques.
  1483 | D:2      | Bought a lumpy white potion for 21 gold pieces
  1514 | D:2      | Reached XP level 5. HP: 39/39 MP: 0/0
  1514 | D:2      | Learned a level 2 spell: Blink
  1905 | D:3      | Reached skill level 3 in Fighting
  1905 | D:3      | Reached skill level 1 in Evocations
  1921 | D:3      | Reached skill level 1 in Spellcasting
  2248 | D:3      | Noticed Grinder
  2263 | D:3      | Reached XP level 6. HP: 42/46 MP: 0/0
  2912 | D:3      | Noticed a black bear
  2927 | D:3      | Killed a black bear
  2928 | D:3      | Reached skill level 1 in Long Blades
  3368 | D:3      | Paralysed by Grinder for 3 turns
  3377 | D:3      | Killed Grinder
  3378 | D:3      | Reached skill level 4 in Fighting
  3378 | D:3      | Reached XP level 7. HP: 31/52 MP: 0/0
  3378 | D:3      | Learned a level 3 spell: Ignite Poison
  3557 | D:4      | Found a staircase to the Ecumenical Temple.
  3566 | Temple   | Entered the Ecumenical Temple
  3900 | D:4      | Found a shadowy altar of Dithmenos.
  4155 | D:4      | Found the +3 warlock's mirror {reflect}
  4336 | D:4      | Found a white marble altar of Elyvilon.
  4541 | D:5      | Entered Level 5 of the Dungeon
  4594 | D:5      | Found a stormy altar of Qazlal.
  4760 | D:5      | Reached XP level 8. HP: 58/58 MP: 0/0
  4855 | D:5      | Reached skill level 5 in Fighting
  4976 | D:5      | Reached skill level 5 in Stealth
  4983 | D:5      | Found a hide-covered altar of Uskayaw.
  5112 | D:5      | Found a blossoming altar of Fedhas.
  5124 | D:5      | Reached skill level 6 in Fighting
  5472 | D:5      | You are sucked into a shaft and drop 3 floors!
  5500 | D:8      | Reached XP level 9. HP: 66/66 MP: 0/0
  5500 | D:8      | Learned a level 4 spell: Olgreb's Toxic Radiance
  5804 | D:5      | Found a shimmering altar of Xom.
  6128 | D:6      | Reached skill level 7 in Fighting
  6234 | D:6      | Reached skill level 5 in Crossbows
  6975 | D:6      | Noticed Blork the orc
  6983 | D:6      | Killed Blork the orc
  7070 | D:6      | Found a glowing golden altar of the Shining One.
  7073 | D:6      | Noticed an angel
  7082 | D:6      | Found a basalt altar of Yredelemnul.
  7347 | D:7      | Reached skill level 8 in Fighting
  7347 | D:7      | Reached XP level 10. HP: 34/76 MP: 0/0
  7597 | D:7      | Noticed a komodo dragon
  7627 | D:7      | Killed a komodo dragon
  8186 | D:7      | Found a broken altar of Ashenzari.
  8420 | D:8      | Noticed a two-headed ogre
  8429 | D:8      | Killed a two-headed ogre
  8430 | D:8      | Reached skill level 5 in Dodging
  9112 | D:9      | Noticed a two-headed ogre
  9369 | D:9      | Killed a two-headed ogre
  9370 | D:9      | Reached skill level 9 in Fighting
  9370 | D:9      | Reached XP level 11. HP: 84/84 MP: 0/0
  9370 | D:9      | Learned a level 4 spell: Flame Wave
  9678 | D:9      | Found an iron altar of Okawaru.
  9682 | D:9      | Became a worshipper of Warmaster Okawaru
  9692 | D:9      | Noticed a centaur warrior
  9699 | D:9      | Shot with an arrow by a centaur warrior

Illustrated notes

Levels and vault maps discovered:
D:1:      sevenhm_arrival_forest_fort_small_6, layout_loops_ring,
          hellmonk_ecumenical_altar_arch_garden, minmay_hexomino_c4
D:2:      layout_basic, serial_shops, nicolae_shop_overgrown_old_shop
D:3:      layout_basic, nicolae_figureground_pulse, uniq_grinder
D:4:      layout_loops_ring, nicolae_dithmenos_shadow_blocks, elyvilon_altar_3,
          minmay_temple_entry_butterflies
D:5:      layout_loops_ring, mainiacjoe_overflow_brackets, fedhas_altar_2,
          mainiacjoe_overflow_catwalk, nicolae_qazlal_scattered_showers,
          lemuel_coloured_pillars_altar
D:6:      minmay_bubble_buster, layout_loops_corners,
          grunt_temple_overflow_holy_war, tgw_sif
D:7:      layout_gridville, ashenzari_altar_1, minmay_misc_feat_columns,
          mrwooster_statue_mirror, minmay_lizard_king
D:8:      layout_basic, minmay_bent
D:9:      layout_roguey, mainiacjoe_overflow_six_doors_small
Temple:   compressed_dpeg_triangle_lava_temple

Skill      XL: |  1  2  3  4  5  6  7  8  9 10 11 |
---------------+----------------------------------+-----
Stealth        | 1 2 3 4 5 6 7 8 |  8.0
Crossbows      | 4 5 6 |  6.1
Dodging        | 3 4 5 |  5.0
Armour         | 1 2 3 4 |  4.0
Fighting       | 3 4 6 8 9 |  9.0
Evocations     | 1 2 3 4 |  4.0
Spellcasting   | 1 2 |  2.0
Long Blades    | 1 2 3 4 |  4.0

Action                   |  1- 3 |  4- 6 |  7- 9 | 10-12 || total
-------------------------+-------+-------+-------+-------++-------
Melee: Dagger            |    14 |    31 |       |       ||    45
       Falchion          |       |    19 |   230 |    65 ||   314
       Long sword        |       |       |       |    92 ||    92
 Fire: Hand crossbow     |    84 |    82 |   155 |   114 ||   435
Evoke: Wand              |       |     2 |     2 |    15 ||    19
  Use: Scroll            |     6 |     1 |    13 |     5 ||    25
       Potion            |       |       |     2 |     1 ||     3
 Stab: Paralysed         |       |     7 |    10 |    14 ||    31
       Sleeping          |       |       |     4 |       ||     4
Armor: Leather armour    |     9 |    11 |    30 |    14 ||    64
Dodge: Dodged            |    33 |    39 |   121 |    70 ||   263
Block: Buckler           |       |       |    84 |    49 ||   133
       Reflection        |       |       |     2 |     9 ||    11

Table legend: (Time is in decaauts)
 A = Elapsed time spent in this place.
 B = Non-inter-level travel time spent in this place.
 C = Inter-level travel time spent in this place.
 D = Time resting spent in this place.
 E = Time spent auto-exploring this place.
 F = Levels seen in this place.
 G = Mean time per level.
                   A        B        C        D        E       F      G
               +--------+--------+--------+--------+--------+-----+--------+
         Total |   9908 |   9112 |    796 |    116 |   7128 |  10 |  990.8 |
       Dungeon |   9599 |   8834 |    765 |    116 |   6855 |   9 | 1066.6 |
        Temple |    309 |    279 |     30 |      0 |    273 |   1 |  309.0 |
               +--------+--------+--------+--------+--------+-----+--------+

Top non-repeatable levels by time:
     D:3: 1693 daAuts
     D:6: 1310 daAuts
     D:7: 1130 daAuts
     D:5: 1085 daAuts
     D:1: 1048 daAuts
     D:8: 959 daAuts
     D:4: 884 daAuts
     D:2: 807 daAuts
     D:9: 680 daAuts
  Temple: 309 daAuts
